 Dungeon Crawl Stone Soup version 0.25.1-1-g288607f (webtiles) character file.

Game seed: 2055709983594212309

4 RonnieColeman the Conjurer (level 1, -1/11 HPs)
             Began as an Octopode Conjurer on Sept 12, 2020.
             Slain by a kobold
             ... wielding a cursed -1 short sword
              (4 damage)
             ... on level 1 of the Dungeon.
             The game lasted 00:00:44 (215 turns).

RonnieColeman the Conjurer (Octopode Conjurer)       Turns: 215, Time: 00:00:45

Health: -1/11      AC:  1    Str:  7    XL:     1   Next: 60%
Magic:  3/3        EV: 13    Int: 17    God:
Gold:   0          SH:  0    Dex: 12    Spells: 3/4 levels left

rFire    . . .     SeeInvis .   e - +0 short sword
rCold    . . .     Gourm    .   (no shield)
rNeg     . . .     Faith    .   (helmet restricted)
rPois    .         Spirit   .   (no amulet)
rElec    .         Reflect  .   (no ring)
rCorr    .         Harm     .   (no ring)
MR       .....                  (no ring)
Stlth    +++.......             (no ring)
HPRegen  0.03/turn              (no ring)
MPRegen  0.08/turn              (no ring)
                                (no ring)
                                (no ring)

@: no status effects
A: almost no armour, stealthy swim, amphibious, 8 rings, constrict 8, camouflage
1, gelatinous body 1
a: no special abilities


You were on level 1 of the Dungeon.
You were not hungry.

You visited 1 branch of the dungeon, and saw 2 of its levels.

Inventory:

Hand Weapons
 e - a +0 short sword (weapon)
Missiles
 f - 28 poisoned darts (quivered)
Scrolls
 a - a scroll of blinking {unknown}
 c - a scroll of random uselessness {unknown}
 g - a scroll of identify {unknown}
Potions
 h - a potion of heal wounds {unknown}
Comestibles
 b - a ration
 d - a chunk of flesh


   Skills:
 - Level 2.0 Dodging
 - Level 2.6 Stealth
 * Level 2.2 Spellcasting
 + Level 4.0 Conjurations


You had 3 spell levels left.
You knew the following spells:

 Your Spells              Type           Power        Failure   Level  Hunger
a - Magic Dart            Conj           ###.         3%          1    #......

Your spell library contained the following spells:

 Spells                   Type           Power        Failure   Level  Hunger
 Searing Ray              Conj           ###...       5%          2    ###....
 Dazzling Flash           Conj/Hex       #.....       24%         3    ###....
 Fulminant Prism          Conj/Hex       #.........   63%         4    #####..
 Iskenderun's Mystic Bla  Conj/Tloc      #.......     63%         4    #####..


Dungeon Overview and Level Annotations

Branches:
Dungeon (2/15)

Altars:


Innate Abilities, Weirdness & Mutations

You cannot wear most types of armour.
You are very stealthy in the water. (Stealth+)
You are amphibious.
You can wear up to eight rings at the same time.
You can use your tentacles to constrict eight enemies at once.
Your skin changes colour to match your surroundings (Stealth+).
Your rubbery body absorbs attacks. (AC +1, EV +1)


Message History

The kobold throws a stone.
The stone hits you. The hobgoblin hits you with a +0 club.
Ouch! That really hurt!
* * * LOW HITPOINT WARNING * * *
You release your grip on the hobgoblin.
There is a shaft here.
The hobgoblin falls through a shaft!
The shaft crumbles and collapses.
There is a stone staircase leading down here.
You climb downwards.
A frilled lizard, 4 jackals and a kobold come into view.
Found 9 gold pieces, a fizzy blue potion and 21 stones.
There is a stone staircase leading up here.
You climb upwards.
The kobold closely misses you.
There is a stone staircase leading down here.
You closely miss the kobold. Your grab misses the kobold.
The kobold barely misses you.
You hit the kobold but do no damage. You grab the kobold.
You constrict the kobold, but do no damage.
The kobold hits you with a cursed -1 short sword.
You die...

######## #......#
#####......# ###..........#
##...#####.#### ##..###
#.†# ####..## ##.##
###K...## #..#
##...@(############.##
#####..##................#
##.....###.############÷...
#..##### #.# ####. ###.##
#.## ## #....### #..# #
#......# ##.# #
#....#.######.# #
######.K..K.#.# .


You could see a kobold.

Vanquished Creatures
  A hobgoblin (D:1)
  2 kobolds (D:1)
  A rat (D:1)
4 creatures vanquished.

Notes
Turn   | Place    | Note
-------+----------+-------------------------------------------
     0 | D:1      | RonnieColeman the Octopode Conjurer began the quest for the
                  | Orb.
     0 | D:1      | Reached XP level 1. HP: 11/11 MP: 3/3
   215 | D:1      | Slain by a kobold

Illustrated notes

Levels and vault maps discovered:
D:1:      lightli_arrival_boilingwater, layout_rooms, minmay_cut_off
D:2:      layout_basic, tso_oasis_becter, kennysheep_okawaru_gauntlet,
          uniq_crazy_yiuf_cottage

Action                   || total
-------------------------++-------
Melee: Unarmed           ||     6
       Short sword       ||     4
       Constrict         ||     4
       Tentacles         ||     3
 Cast: Magic Dart        ||     4
 Stab: Sleeping          ||     1
Dodge: Dodged            ||     7
